AoeStats
← ravish.ratnam

Black Forest

510279257Analyzed
4v4 RM · 1d ago on Sep 30, 2026· 83m 35s· 8 players
Game mode
Random Map
Map size
Large (8 player)
Population
200
Speed
Normal
Resources
Standard
Victory
Conquest
Starting age
Dark Age
Ending age
Imperial Age
RankedLock teamsTeams togetherTeam positionsShared explorationLock speedFull tech treeHidden civsTurbo modeCheats
Victory
Defeat
🇳🇴 Khmer · Norway
1283
+14
🇮🇱 Persians · Israel
1195
+17
🇫🇷 Byzantines · France
1167
+19
🇨🇳 Franks · China
1159
+19
🇮🇳 Malay · India
1270
-19
🇨🇳 Italians · China
1236
-18
🇮🇳 Britons · India
1205
-16
🇭🇰 Maya · Hong Kong SAR China
1197
-16
The Long Dark
11:22 Feudal Age
12:12 Loom
16:47 Castle Age
15:12 Double-Bit Axe
17:42 Bow Saw
19:06 Fishing Lines
19:11 Horse Collar
22:39 Wheelbarrow
22:01 Gillnets
31:09 Imperial Age
28:30 Treadmill Crane
29:11 Ballistics
29:05 Stone Mining
29:07 Gold Mining
29:46 Fletching
29:56 Padded Archer Armor
30:31 Hand Cart
30:01 Town Watch
30:40 Bodkin Arrow
30:56 Forging
31:42 Leather Archer Armor
32:13 Conscription
33:10 Two-Man Saw
33:01 Heavy Plow
32:30 Elite Genoese Crossbowman
34:07 Ring Archer Armor
35:51 Chemistry
34:48 Murder Holes
35:03 Masonry
36:05 Bracer
36:40 Iron Casting
36:11 Scale Barding Armor
37:24 Bombard Tower
41:34 Silk Road
42:30 Stone Shaft Mining
51:27 Caravan
73:42 Coinage
73:26 Guilds
76:18 Hoardings
80:39 Banking
82:39 Chain Barding Armor
83:39 Blast Furnace
EinzbernMK
0:33 Loom
13:53 Feudal Age
14:49 Double-Bit Axe
17:39 Castle Age
15:53 Horse Collar
19:17 Wheelbarrow
19:02 Bow Saw
20:35 Gold Mining
24:48 Stone Mining
28:59 Hand Cart
28:47 Heavy Plow
33:51 Imperial Age
31:48 Fletching
31:58 Padded Archer Armor
31:30 Elite Skirmisher
32:20 Thumb Ring
31:39 Crossbowman
32:41 Ballistics
32:02 Treadmill Crane
32:33 Fortified Wall
32:33 Town Watch
32:30 Fishing Lines
33:27 Hul'che Javelineers
33:32 Scale Mail Armor
33:42 Forging
32:56 Eagle Warrior
33:24 Arson
33:42 Squires
35:06 Holcans
34:58 Conscription
34:58 Chain Mail Armor
36:06 Iron Casting
35:34 Elite Eagle Warrior
37:46 Plate Mail Armor
38:18 Blast Furnace
40:00 Crop Rotation
40:32 Two-Man Saw
44:13 Herbal Medicine
45:31 Chemistry
44:27 Murder Holes
44:43 Masonry
46:54 Hoardings
47:46 Bodkin Arrow
48:02 Pikeman
51:50 Halberdier
53:17 Bracer
53:33 Leather Archer Armor
53:53 Architecture
53:50 Caravan
57:26 Ring Archer Armor
78:18 Guilds
78:40 Coinage
81:39 Banking
ravish.ratnam
0:29 Loom
10:45 Feudal Age
12:53 Double-Bit Axe
13:25 Man-at-Arms
14:08 Fletching
23:24 Castle Age
22:21 Padded Archer Armor
22:22 Scale Mail Armor
24:08 Crossbowman
24:47 Long Swordsman
29:35 Ballistics
31:04 Bodkin Arrow
31:03 Town Watch
38:46 Imperial Age
36:02 Demolition Ship
37:17 Leather Archer Armor
37:21 Gold Mining
39:08 Bow Saw
38:58 Fishing Lines
39:05 Arbalester
40:14 Bracer
42:46 Ring Archer Armor
43:51 Yeomen
44:57 Chemistry
49:41 Gold Shaft Mining
50:26 Wheelbarrow
51:28 Heavy Scorpion
54:08 Siege Engineers
54:16 Masonry
67:05 Elite Skirmisher
72:40 Pikeman
74:59 Chain Mail Armor
76:40 Plate Mail Armor
76:21 Forging
79:14 Halberdier
kaar
5:17 Loom
11:50 Feudal Age
11:46 Double-Bit Axe
17:00 Castle Age
18:01 Bow Saw
18:40 Horse Collar
19:25 Heavy Plow
23:05 Gold Mining
25:29 Scale Barding Armor
26:13 Gold Shaft Mining
25:32 Stone Mining
26:19 Wheelbarrow
29:21 Imperial Age
26:37 Town Watch
28:02 Stone Shaft Mining
27:56 Forging
28:32 Husbandry
29:21 Iron Casting
29:11 Hand Cart
28:57 Town Patrol
29:33 Elite Battle Elephant
32:23 Blast Furnace
31:32 Fletching
32:06 Ballistics
31:28 Treadmill Crane
31:46 Fishing Lines
33:07 Crop Rotation
32:31 Gillnets
34:51 Caravan
35:26 Conscription
37:01 Bodkin Arrow
38:46 Siege Engineers
39:43 Chemistry
41:49 Forced Levy
41:22 Man-at-Arms
42:02 Squires
41:48 Arson
42:04 Bracer
42:05 Padded Archer Armor
42:38 Long Swordsman
45:04 Two-Handed Swordsman
46:19 Masonry
50:50 Guilds
51:11 Coinage
61:58 Leather Archer Armor
72:45 Pikeman
73:57 Ring Archer Armor
74:04 Halberdier
Teiko
0:52 Loom
13:36 Feudal Age
18:47 Castle Age
16:57 Double-Bit Axe
17:49 Stone Mining
21:59 Bow Saw
23:35 Horse Collar
32:43 Imperial Age
30:49 Wheelbarrow
30:22 Elite Skirmisher
31:53 Fletching
35:47 Bodkin Arrow
36:27 Pikeman
39:48 Chemistry
40:25 Padded Archer Armor
40:26 Bracer
41:59 Fortified Wall
41:31 Treadmill Crane
41:15 Crossbowman
42:01 Thumb Ring
42:23 Ballistics
42:21 Leather Archer Armor
43:02 Heavy Plow
44:37 Gold Mining
46:02 Arson
46:18 Squires
46:51 Ring Archer Armor
47:45 Scale Mail Armor
47:55 Forging
47:09 Arbalester
50:09 Chain Mail Armor
50:30 Iron Casting
54:27 Hoardings
54:13 Conscription
54:52 Plate Mail Armor
54:19 Gambesons
55:51 Elite Varangian Guard
56:50 Caravan
57:56 Crop Rotation
58:08 Logistica
63:51 Halberdier
68:03 Two-Man Saw
70:18 Coinage
75:54 Hand Cart
76:24 Banking
78:30 Guilds
Noob
10:34 Feudal Age
10:58 Loom
13:41 Castle Age
12:33 Double-Bit Axe
15:30 Horse Collar
21:15 Bow Saw
26:26 Wheelbarrow
28:47 Imperial Age
26:55 Wheelbarrow
26:06 Town Watch
27:19 Heavy Plow
27:12 Gold Mining
29:01 Hand Cart
30:01 Ballistics
30:00 Double Crossbow
30:21 Conscription
31:07 Chemistry
31:03 Heavy Scorpion
32:41 Siege Engineers
32:58 Caravan
34:05 Elite Ballista Elephant
41:09 Fletching
47:35 Capped Ram
48:28 Masonry
48:29 Bodkin Arrow
48:35 Siege Ram
49:45 Bracer
56:38 Murder Holes
57:14 Architecture
73:53 Coinage
77:48 Banking
Mike
1:27 Loom
11:42 Feudal Age
16:18 Castle Age
14:25 Double-Bit Axe
17:07 Bow Saw
17:59 Horse Collar
24:39 Heavy Plow
25:20 Wheelbarrow
25:06 Gold Mining
25:06 Stone Mining
27:19 Hand Cart
27:44 Gold Shaft Mining
31:14 Imperial Age
30:08 Stone Shaft Mining
29:47 Scale Barding Armor
29:53 Forging
31:19 Bloodlines
31:09 Husbandry
31:32 Chain Barding Armor
32:33 Iron Casting
32:58 Plate Barding Armor
31:57 Light Cavalry
32:01 Cavalier
33:54 Chemistry
34:59 Blast Furnace
33:41 Savar
37:38 Hussar
40:14 Fletching
40:25 Padded Archer Armor
43:04 Elite Skirmisher
43:45 Bodkin Arrow
44:05 Leather Archer Armor
44:15 Ballistics
46:13 Leather Archer Armor
46:55 Thumb Ring
54:45 Coinage
56:05 Conscription
57:51 Banking
57:25 Caravan
72:37 Kamandaran
72:00 Crossbowman
73:13 Ring Archer Armor
81:27 Two-Man Saw
80:58 Crop Rotation
EU _XING
0:31 Loom
11:17 Feudal Age
13:46 Wheelbarrow
12:58 Town Watch
13:00 Double-Bit Axe
18:35 Castle Age
18:29 Gold Mining
19:54 Bow Saw
31:28 Imperial Age
29:14 Hand Cart
29:27 Caravan
29:36 Scale Barding Armor
30:06 Forging
31:13 Hand Cart
31:20 Chain Barding Armor
32:58 Plate Barding Armor
32:58 Iron Casting
31:45 Pikeman
32:27 Squires
33:12 Scale Mail Armor
33:06 Fletching
32:40 Halberdier
35:11 Blast Furnace
34:51 Chain Mail Armor
34:31 Bodkin Arrow
34:37 Cavalier
35:19 Husbandry
36:41 Plate Mail Armor
36:12 Padded Archer Armor
37:09 Gold Shaft Mining
36:24 Stone Mining
37:24 Leather Archer Armor
36:57 Treadmill Crane
37:37 Ballistics
38:24 Arson
38:54 Gambesons
39:46 Theocracy
41:00 Paladin
43:44 Ballistics
44:25 Chemistry
43:35 Masonry
43:31 Siege Engineers
44:47 Conscription
51:27 Light Cavalry
52:07 Murder Holes
54:07 Architecture
53:48 Fortified Wall
59:24 Siege Engineers
59:04 Arrowslits
61:48 Hoardings
60:34 Ordonnance Companies
61:14 Chivalry
73:11 Capped Ram
Connection lost

Rejoining the realm…

Still unreachable

The connection could not be restored.

Session expired

The server has moved on; the page needs a fresh start.